 Dungeon Crawl Stone Soup version 0.32-a0-401-g0bcb2a7693 (webtiles) character file.

Game seed: 6671761320298435507

7 GordonOverkill the Sneak (level 1, -6/11 HPs)
             Began as a Spriggan Delver on Feb 20, 2024.
             Mangled by an iguana (14 damage)
             ... on level 4 of the Dungeon.
             The game lasted 00:01:43 (412 turns).

GordonOverkill the Sneak (Spriggan Delver)           Turns: 412, Time: 00:01:43

Health: -6/11      AC:  2    Str:  8    XL:     1   Next: 83%
Magic:  2/2        EV: 17    Int: 11    God:
Gold:   14         SH:  0    Dex: 16    Spells: 0/0 levels left

rFire   . . .        j - +0 sling
rCold   . . .        (no shield)
rNeg    . . .        b - +0 robe
rPois   .            (helmet restricted)
rElec   .            (no cloak)
rCorr   .            (gloves unavailable)
SInv    +            (boots unavailable)
Will    .....        (no amulet)
Stlth   ++++         (no ring)
HPRegen 0.21/turn    (no ring)
MPRegen 0.08/turn

%: no passive effects
@: very quick
A: very small, no large weapons, unfitting armour, see invisible, speed 3
a: no special abilities


You were on level 4 of the Dungeon.
You visited 1 branch of the dungeon, and saw 3 of its levels.

You collected 14 gold pieces.

Inventory:

Hand Weapons
 a - a +0 short sword
 j - a +0 sling (weapon)
Armour
 b - a +0 robe (worn)
Wands
 g - a wand of digging (3)
Scrolls
 c - a scroll of fog
 d - a scroll of revelation
 e - a scroll of fear
 h - a scroll of vulnerability {unknown}
 i - a scroll of immolation {unknown}
Potions
 f - a potion of haste


   Skills:
 + Level 2.8 Fighting
 - Level 2.1 Short Blades
 - Level 2.6 Dodging
 - Level 7.2 Stealth


You couldn't memorise any spells.
You didn't know any spells.
Your spell library was empty.

Dungeon Overview and Level Annotations

Branches:
Dungeon (6/15)
 Temple: D:4-7

Altars:
Sif Muna

Annotations:
D:6 Blork the orc, Pikel


Innate Abilities, Weirdness & Mutations

You are very small and have problems with some larger weapons.
You are too small for most types of armour.
You have supernaturally acute eyesight. (SInv)
You cover ground extremely quickly. (Speed+++)


Message History

You shoot a sling bullet.
The sling bullet hits the iguana but does no damage.
The iguana is moderately wounded.
You shoot a sling bullet.
The sling bullet closely misses the iguana.
The sling bullet hits the jackal.
The jackal is moderately wounded.
The iguana hisses menacingly.
You shoot a sling bullet.
The sling bullet hits the iguana but does no damage.
The iguana is moderately wounded.
You shoot a sling bullet.
The sling bullet barely misses the iguana.
You shoot a sling bullet. The sling bullet hits the iguana.
The iguana is heavily wounded.
You shoot a sling bullet.
The sling bullet closely misses the iguana.
You shoot a sling bullet.
The sling bullet completely misses the iguana.
The jackal pauses to sniff the ground.
You shoot a sling bullet.
The sling bullet barely misses the iguana.
The sling bullet closely misses the jackal.
You shoot a sling bullet.
The sling bullet barely misses the iguana.
You shoot a sling bullet.
The sling bullet closely misses the iguana.
You shoot a sling bullet. The sling bullet hits the iguana.
The iguana is severely wounded.
You shoot a sling bullet. The sling bullet hits the iguana.
The iguana is almost dead.
The iguana misses you. x2
You shoot a sling bullet.
The sling bullet closely misses the iguana.
The iguana misses you.
You shoot a sling bullet.
The sling bullet barely misses the iguana.
The iguana bites you. The iguana bites you!
Ouch! That really hurt!
You die...

#.....# #....h#
#.....# #####l#
################.#
#.............##.#
#.##############.###
#.#.lh..............
#.#@############.###
#.#.#### #.#
#.#....# #.#
#.#....# #.#
#.#....#########.#
#.#....'.........#
#.##...######## #.
#.#...........
#.#.....#.####


You could see an iguana and a jackal.

Vanquished Creatures
  An endoplasm (D:4)
  2 kobolds (D:5)
  A ball python (D:4)
4 creatures vanquished.

Notes
Turn   | Place    | Note
-------+----------+-------------------------------------------
     0 | D:5      | GordonOverkill the Spriggan Delver began the quest for the
                  | Orb.
     0 | D:5      | Reached XP level 1. HP: 11/11 MP: 2/2
     4 | D:6      | Noticed Pikel
     4 | D:6      | Noticed a lemure
     4 | D:6      | Noticed a lemure
     4 | D:6      | Noticed a lemure
     4 | D:6      | Noticed a kobold brigand
     5 | D:6      | Noticed an iguana
     5 | D:6      | Noticed Blork the orc
     5 | D:6      | Noticed a lemure
    25 | D:5      | Noticed a scorpion
    41 | D:5      | Noticed an iguana
   101 | D:5      | Noticed a scorpion
   101 | D:5      | Noticed a hound
   102 | D:5      | Noticed a water moccasin
   102 | D:5      | Noticed a water moccasin
   119 | D:5      | Found a shimmering blue altar of Sif Muna.
   164 | D:4      | Noticed a jelly
   179 | D:4      | Noticed an iguana
   358 | D:4      | Noticed an iguana
   412 | D:4      | Mangled by an iguana

Illustrated notes

Levels and vault maps discovered:
D:4:      layout_basic, mainiacjoe_overflow_24_doors,
          minmay_temple_entry_junction, uniq_natasha
D:5:      minmay_spotlight, layout_basic, mainiacjoe_overflow_catwalk_spiral,
          nicolae_specific_store, uniq_menkaure
D:6:      layout_layer_cave, nicolae_uskayaw_murder_on_the_dancefloor,
          tso_oasis_becter, serial_shops, shop, dk_vineyard_3,
          uniq_blork_the_orc, uniq_maggie, uniq_pikel

Action                     || total
---------------------------++-------
  Melee: Short sword       ||    10
   Fire: Sling             ||    17
   Stab: Sleeping          ||     1
 Armour: Robe              ||     5
  Dodge: Dodged            ||    16

Table legend: (Time is in decaauts)
 A = Elapsed time spent in this place.
 B = Non-inter-level travel time spent in this place.
 C = Inter-level travel time spent in this place.
 D = Time resting spent in this place.
 E = Time spent auto-exploring this place.
 F = Levels seen in this place.
 G = Mean time per level.
                   A        B        C        D        E       F      G
               +--------+--------+--------+--------+--------+-----+--------+
         Total |    267 |    267 |      0 |      0 |      0 |   3 |   89.0 |
       Dungeon |    267 |    267 |      0 |      0 |      0 |   3 |   89.0 |
               +--------+--------+--------+--------+--------+-----+--------+

Top non-repeatable levels by time:
     D:4: 165 daAuts
     D:5: 101 daAuts
     D:6: 1 daAuts
